 Dungeon Crawl Stone Soup version 0.31-a0-83-gbff143cfd1 (webtiles) character file.

Game seed: 9338472207447421823

925 garrulousMonolith the Cudgeller (level 8, -4/49 HPs)
             Began as a Gargoyle Fighter on May 25, 2023.
             Was a Follower of the Shining One.
             Slain by a gnoll sergeant
             ... wielding a +3 heavy trident
              (17 damage)
             ... on level 5 of the Dungeon.
             The game lasted 00:05:09 (3866 turns).

garrulousMonolith the Cudgeller (Gargoyle Fighter)  Turns: 3866, Time: 00:05:09

Health: -4/49      AC: 16    Str: 23    XL:     8   Next: 10%
Magic:  7/10       EV: 10    Int:  8    God:    the Shining One [*.....]
Gold:   170        SH:  4    Dex:  9    Spells: 7/7 levels left

rFire   . . .        a - +0 flail
rCold   . . .        c - +0 buckler
rNeg    + . .        e - +3 ring mail
rPois   ∞            s - +0 helmet
rElec   +            (no cloak)
rCorr   .            (no gloves)
SInv    +            (no boots)
Will    .....        (no amulet) Stlth
                     f - ring of see invisible
HPRegen 0.28/turn    (no ring)
MPRegen 0.12/turn

%: no passive effects
@: mighty, glowing
A: sickness immunity, AC +5, negative energy resistance 1, electricity
resistance, torment resistance 1, petrification resistance
a: Renounce Religion, Divine Shield


You were on level 5 of the Dungeon.
You worshipped the Shining One.
The Shining One was aware of your devotion.
You visited 1 branch of the dungeon, and saw 5 of its levels.
You also visited: Ossuary.

You collected 170 gold pieces.

Inventory:

Hand Weapons
 a - a +0 flail (weapon)
 i - a +0 sling
Armour
 c - a +0 buckler (worn)
 e - a +3 ring mail (worn)
 s - a +0 helmet (worn)
Jewellery
 f - a ring of see invisible (left hand)
Scrolls
 b - 3 scrolls of teleportation
 g - a scroll of fear
 h - 2 scrolls of amnesia
 v - a scroll of identify
 x - a scroll of silence {unknown}
 y - a scroll of vulnerability {unknown}
 z - 2 scrolls of acquirement {unknown}
 A - 2 scrolls of summoning {unknown}
 B - a scroll of blinking {unknown}
 C - a scroll of enchant weapon {unknown}
 D - a scroll of immolation
Potions
 d - 2 potions of might
 j - a potion of berserk rage {unknown}
 l - 2 potions of haste {unknown}
 m - 2 potions of brilliance {unknown}
 n - a potion of ambrosia {unknown}
 o - a potion of enlightenment {unknown}
 p - 2 potions of curing {unknown}
 q - 2 potions of lignification {unknown}
 r - a potion of cancellation {unknown}
 t - a potion of mutation {unknown}
 u - a potion of magic {unknown}
 w - 3 potions of invisibility {unknown}


   Skills:
 + Level 5.1 Fighting
 * Level 5.6 Maces & Flails
 + Level 5.1 Armour
 + Level 5.1 Shields
 + Level 3.6 Invocations


You had 7 spell levels left.
You didn't know any spells.
Your spell library contained the following spells:

 Spells                   Type           Power      Damage    Failure   Level
 Summon Ice Beast         Ice/Summ       0%         N/A       100%        4
 Summon Mana Viper        Hex/Summ       0%         N/A       100%        5
 Monstrous Menagerie      Summ           0%         N/A       100%        7


Dungeon Overview and Level Annotations

Branches:
Dungeon (5/15)            Ossuary (visited)
 Temple: D:4-7

Altars:
Cheibriados
Dithmenos
Hepliaklqana
Kikubaaqudgha
Nemelex Xobeh
Vehumet
Wu Jian
The Shining One


Innate Abilities, Weirdness & Mutations

You are immune to sickness and miasma.
Your stone body is resilient. (AC +5)
You are immune to poison.
You resist negative energy. (rN+)
You are resistant to electric shocks. (rElec)
You are resistant to unholy torment.
You are immune to petrification.


Message History

As you read the scroll of teleportation, it crumbles to dust.
You feel strangely unstable. The adder barely misses you.
The gnoll closely misses you. The jelly hits you. The acid corrodes you!
You are splashed with acid!
The gnoll attacks as you move away! The gnoll hits you but does no damage.
The adder attacks as you move away! You block the adder's attack.
The jelly attacks as you move away! The jelly barely misses you.
You block the adder's attack.
There is a fountain of clear blue water here.
The gnoll attacks as you move away! The gnoll hits you but does no damage.
The jelly attacks as you move away! You block the jelly's attack.
Your surroundings suddenly seem different.
You start resting.
You are no longer corroded.
You start resting.
Magic restored.
A gnoll is nearby!
You are too injured to fight recklessly!
The gnoll shouts!
You hear a shout!
The gnoll shouts!
You are too injured to fight recklessly!
You are too injured to fight recklessly!
You are too injured to fight recklessly!
You are too injured to fight recklessly!
You sock the gnoll!
The gnoll is heavily wounded.
The gnoll hits you with a +0 club.
You hit the gnoll.
You kill the gnoll!
The gnoll sergeant closely misses you. The gnoll hits you but does no damage.
The gnoll sergeant hits you with a +3 heavy trident!
The gnoll hits you with a +4 antimagic spear.
You feel your power leaking away.
You barely miss the gnoll sergeant.
The gnoll hits you with a +4 antimagic spear.
* * * LOW HITPOINT WARNING * * *
You feel your power leaking away.
The gnoll sergeant hits you with a +3 heavy trident!
You die...

##............#
##.))⌠.....⌠....#
##.......<.......##
##.$..#....!$.#....#
##.....##.....##....##
........#######......#
.....##..............####
..### ##........Jg...)...
.# #.......g@.....# .
#......).......# #
##.............##
...##..............#
...................#
...................#
.###...............##
###..............# .#
##.............#


You could see a gnoll sergeant, a jelly and a gnoll.

Vanquished Creatures
  Eustachio (D:5)
  3 black bears
  3 scorpions
  2 centaur zombies (Ossuary)
  A hound (D:3)
  A human zombie (Ossuary)
  An orc wizard (D:5)
  4 mummies (Ossuary)
  7 gnolls
  3 adders
  An ufetubus (D:4)
  2 worms
  2 dart slugs
  4 orcs
  8 ball pythons
  A bat (D:1)
  3 endoplasms
  2 giant cockroaches
  A gnoll zombie (Ossuary)
  6 goblins
  5 hobgoblins
  6 kobolds
  A quokka (D:3)
  4 frilled lizards
  A goblin zombie (Ossuary)
  2 hobgoblin zombies (Ossuary)
  An orc zombie (Ossuary)
  A rat (D:2)
77 creatures vanquished.

Notes
Turn   | Place    | Note
-------+----------+-------------------------------------------
     0 | D:1      | garrulousMonolith the Gargoyle Fighter began the quest for
                  | the Orb.
     0 | D:1      | Reached XP level 1. HP: 14/14 MP: 1/1
   209 | D:1      | Reached XP level 2. HP: 19/19 MP: 2/2
   226 | D:1      | Found a faded altar of an unknown god.
   965 | D:2      | Reached skill level 1 in Invocations
   965 | D:2      | Reached XP level 3. HP: 23/23 MP: 3/3
  1623 | D:3      | Reached XP level 4. HP: 24/28 MP: 3/5
  1708 | D:3      | Found an ornate altar of the Wu Jian Council.
  1865 | D:3      | Identified the +3 dagger of the Brain {heavy, Str+3}
  1967 | D:3      | Found an ancient bone altar of Kikubaaqudgha.
  2023 | D:3      | Found a snail-covered altar of Cheibriados.
  2102 | D:3      | Noticed a black bear
  2110 | D:3      | Killed a black bear
  2111 | D:3      | Reached XP level 5. HP: 26/33 MP: 6/6
  2431 | D:4      | Reached XP level 6. HP: 38/38 MP: 7/7
  2531 | D:4      | Found a shadowy altar of Dithmenos.
  2531 | D:4      | Found a faded altar of an unknown god.
  2539 | D:4      | Found a faded altar of an unknown god.
  2541 | D:4      | Found a radiant altar of Vehumet.
  2542 | D:4      | Found a glowing golden altar of the Shining One.
  2549 | D:4      | Became a worshipper of the Shining One
  2699 | D:4      | Found a sparkling altar of Nemelex Xobeh.
  2845 | D:4      | Found a hazy altar of Hepliaklqana.
  2957 | D:4      | Noticed a black bear
  2964 | D:4      | Killed a black bear
  2965 | D:4      | Reached XP level 7. HP: 41/44 MP: 7/9
  3082 | D:5      | Entered Level 5 of the Dungeon
  3087 | D:5      | Noticed Eustachio
  3140 | D:5      | Killed Eustachio
  3141 | D:5      | Reached skill level 5 in Maces & Flails
  3324 | D:5      | Found a sand-covered staircase.
  3333 | Ossuary  | Entered an ossuary
  3476 | Ossuary  | Reached skill level 5 in Fighting
  3476 | Ossuary  | Reached skill level 5 in Armour
  3513 | Ossuary  | Reached * piety under the Shining One
  3530 | Ossuary  | Reached skill level 5 in Shields
  3664 | Ossuary  | Reached XP level 8. HP: 49/49 MP: 10/10
  3866 | D:5      | Slain by a gnoll sergeant

Illustrated notes

Levels and vault maps discovered:
D:1:      matt_arrival_los_fun, layout_basic,
          hellmonk_ecumenical_altar_heavens_door, patterned_corridor
D:2:      kennysheep_big_flooded_room, layout_basic
D:3:      layout_basic, slow_altar_1, general_overflow_altar,
          nicolae_overflow_crystal_walls
D:4:      black_bear_nest_1, layout_rooms, lemuel_coloured_pillars_altar,
          chequers_temple_overflow_minitemple, marbit_many_paths,
          serial_bayou_lake_a
D:5:      layout_layer_cave, mainiacjoe_overflow_alcove_4,
          nicolae_ossuary_entry_monument, grunt_ministairs_10,
          dk_noncrumbling_3, uniq_eustachio

Skill      XL: |  1  2  3  4  5  6  7 |
---------------+----------------------+-----
Invocations    | 1 2 3 |  3.6
Maces & Flails | 3 4 5 |  5.6
Fighting       | 4 5 |  5.1
Armour         | 4 5 |  5.1
Shields        | 4 5 |  5.1

Action                     |  1- 3 |  4- 6 |  7- 9 || total
---------------------------+-------+-------+-------++-------
  Melee: Flail             |   127 |    78 |   137 ||   342
    Use: Scroll            |     2 |       |     5 ||     7
         Potion            |       |     2 |     5 ||     7
 Armour: Ring mail         |    70 |    58 |   256 ||   384
  Dodge: Dodged            |    78 |    50 |   236 ||   364
  Block: Buckler           |    21 |    22 |    84 ||   127

Table legend: (Time is in decaauts)
 A = Elapsed time spent in this place.
 B = Non-inter-level travel time spent in this place.
 C = Inter-level travel time spent in this place.
 D = Time resting spent in this place.
 E = Time spent auto-exploring this place.
 F = Levels seen in this place.
 G = Mean time per level.
                   A        B        C        D        E       F      G
               +--------+--------+--------+--------+--------+-----+--------+
         Total |   3966 |   3907 |     59 |    268 |   2640 |   6 |  661.0 |
       Dungeon |   3523 |   3464 |     59 |    131 |   2451 |   5 |  704.6 |
       Ossuary |    443 |    443 |      0 |    137 |    189 |   1 |  443.0 |
               +--------+--------+--------+--------+--------+-----+--------+

Top non-repeatable levels by time:
     D:2: 934 daAuts
     D:3: 858 daAuts
     D:4: 687 daAuts
     D:1: 682 daAuts
 Ossuary: 443 daAuts
     D:5: 360 daAuts
